TOP OF THE 1ST |
Plymouth Rocks batting - Pitching for New Orleans Looters : RHP Anthony O'Connor
|
Pitching: RHP Anthony O'Connor
|
|
Batting: LHB Roberto García
|
0-0: Ground out 4-3 (Groundball, 4S)
|
Batting: LHB Roy Patrick
|
0-0: Swinging Strike 0-1: Foul Ball, location: 2F 0-2: Strikes out looking
|
Batting: RHB Andrés Lara
|
0-0: Called Strike 0-1: DOUBLE (Flyball, 8LXD)
|
Batting: LHB Barrett Waters
|
0-0: Ball 1-0: Ground out 4-3 (Groundball, 4)
|
Top of the 1st over - 0 run(s), 1 hit(s), 0 error(s), 1 left on base; Plymouth 0 - New Orleans 0 |
BOTTOM OF THE 1ST |
New Orleans Looters batting - Pitching for Plymouth Rocks : RHP José López
|
Pitching: RHP José López
|
|
Batting: SHB Arturo Sánchez
|
0-0: Ball 1-0: SINGLE (Flyball, 89S)
|
Batting: RHB Rubén Vázquez
|
0-0: Called Strike 0-1: Ball Wild Pitch! Arturo Sánchez to second 1-1: Ball 2-1: Foul Ball, location: 2F 2-2: Ground out U3 (Groundball, 34S) Arturo Sánchez to third
|
Batting: SHB Oliver Deleón
|
0-0: Called Strike 0-1: Foul Ball, location: 2F 0-2: Foul Ball, location: 2F 0-2: Ball 1-2: Ground out 6-3 (Groundball, 6) Arturo Sánchez scores
|
Batting: RHB Stephen Shaw
|
0-0: Called Strike 0-1: Foul Ball, location: 2F 0-2: Ball 1-2: Ground out 4-3 (Groundball, 4)
|
Bottom of the 1st over - 1 run(s), 1 hit(s), 0 error(s), 0 left on base; Plymouth 0 - New Orleans 1 |
TOP OF THE 2ND |
Plymouth Rocks batting - Pitching for New Orleans Looters : RHP Anthony O'Connor
|
Batting: LHB Bob Smith
|
0-0: Swinging Strike 0-1: Called Strike 0-2: Ball 1-2: Ball 2-2: Foul Ball, location: 2F 2-2: Strikes out swinging
|
Batting: SHB Víctor Serrano
|
0-0: Ball 1-0: Swinging Strike 1-1: Ball 2-1: Swinging Strike 2-2: Ground out U3 (Groundball, 34)
|
Batting: RHB Taylor McFarland
|
0-0: Ball 1-0: Called Strike 1-1: Ball 2-1: SINGLE (Line Drive, 89S)
|
Batting: RHB Wilbert Rodgers
|
0-0: Ball 1-0: SINGLE (Line Drive, 4M) Taylor McFarland to second
|
Batting: RHB António Gonzáles
|
0-0: Swinging Strike 0-1: Ball 1-1: SINGLE (Line Drive, 5D) Taylor McFarland to third Wilbert Rodgers to second Runner from 3rd tries for Home, SAFE, no throw
|
Batting: LHB Roberto García
|
0-0: Called Strike 0-1: Fly out, F7 (Line Drive, 78M)
|
Top of the 2nd over - 1 run(s), 3 hit(s), 0 error(s), 2 left on base; Plymouth 1 - New Orleans 1 |
BOTTOM OF THE 2ND |
New Orleans Looters batting - Pitching for Plymouth Rocks : RHP José López
|
Batting: RHB Dave O'Loan
|
0-0: Ball 1-0: Called Strike 1-1: Swinging Strike 1-2: Foul Ball, location: 2F 1-2: SOLO HOME RUN (Flyball, 8LXD), Distance : 432 ft
|
Batting: LHB Eduardo Rodríguez
|
0-0: Called Strike 0-1: Ball 1-1: Ground out 4-3 (Groundball, 4)
|
Batting: LHB Taylor Smith
|
0-0: Ground out 5-3 (Groundball, 56)
|
Batting: RHB Run-ming Zhu
|
0-0: Called Strike 0-1: Called Strike 0-2: Fly out, F1 (Line Drive, 15)
|
Bottom of the 2nd over - 1 run(s), 1 hit(s), 0 error(s), 0 left on base; Plymouth 1 - New Orleans 2 |
TOP OF THE 3RD |
Plymouth Rocks batting - Pitching for New Orleans Looters : RHP Anthony O'Connor
|
Batting: LHB Roy Patrick
|
0-0: Called Strike 0-1: Ball 1-1: Called Strike 1-2: Foul Ball, location: 2F 1-2: Strikes out looking
|
Batting: RHB Andrés Lara
|
0-0: Foul Ball, location: 2F 0-1: SINGLE (Groundball, 5S) (infield hit)
|
Batting: LHB Barrett Waters
|
0-0: Ball 1-0: Foul Ball, location: 2F 1-1: Ball 2-1: Ball 3-1: Swinging Strike 3-2: Strikes out swinging
|
Batting: LHB Bob Smith
|
0-0: Ground out 1-3 (Groundball, P)
|
Top of the 3rd over - 0 run(s), 1 hit(s), 0 error(s), 1 left on base; Plymouth 1 - New Orleans 2 |
BOTTOM OF THE 3RD |
New Orleans Looters batting - Pitching for Plymouth Rocks : RHP José López
|
Batting: LHB Miguel Colón
|
0-0: Ball 1-0: Called Strike 1-1: Called Strike 1-2: Strikes out swinging
|
Batting: SHB Arturo Sánchez
|
0-0: Ground out 4-3 (Groundball, 4)
|
Batting: RHB Rubén Vázquez
|
0-0: Ball 1-0: Ball 2-0: Ground out U3 (Groundball, 3)
|
Bottom of the 3rd over - 0 run(s), 0 hit(s), 0 error(s), 0 left on base; Plymouth 1 - New Orleans 2 |
TOP OF THE 4TH |
Plymouth Rocks batting - Pitching for New Orleans Looters : RHP Anthony O'Connor
|
Batting: SHB Víctor Serrano
|
0-0: Called Strike 0-1: Fly out, F7 (Flyball, 78M)
|
Batting: RHB Taylor McFarland
|
0-0: Ball 1-0: Called Strike 1-1: Foul Ball, location: 2F 1-2: Foul Ball, location: 2F 1-2: Ball 2-2: SINGLE (Groundball, 4MD)
|
Batting: RHB Wilbert Rodgers
|
0-0: Ball Taylor McFarland steals 2nd base 1-0: 2-RUN HOME RUN (Flyball, 78XD), Distance : 385 ft
|
Batting: RHB António Gonzáles
|
0-0: Ball 1-0: Ball 2-0: Ball 3-0: Called Strike 3-1: Swinging Strike 3-2: Foul Ball, location: 2F 3-2: Base on Balls
|
Batting: LHB Roberto García
|
0-0: Fielders Choice at 2nd, 4-6 (Groundball, 4)
|
Batting: LHB Roy Patrick
|
0-0: SINGLE (Groundball, 6MD) Roberto García to second Throwing error, E8 Roberto García scores Roy Patrick to second
|
Batting: RHB Andrés Lara
|
0-0: Foul Ball, location: 2F 0-1: Ball 1-1: Ground out 3-1 (Groundball, 34S)
|
Top of the 4th over - 3 run(s), 3 hit(s), 1 error(s), 1 left on base; Plymouth 4 - New Orleans 2 |
BOTTOM OF THE 4TH |
New Orleans Looters batting - Pitching for Plymouth Rocks : RHP José López
|
Batting: SHB Oliver Deleón
|
0-0: Ball 1-0: Ball 2-0: Fly out, F8 (Flyball, 8LS)
|
Batting: RHB Stephen Shaw
|
0-0: Ball 1-0: Foul Ball, location: 2F 1-1: Ball 2-1: Called Strike 2-2: Ball 3-2: Ground out 5-3 (Groundball, 56)
|
Batting: RHB Dave O'Loan
|
0-0: Ball 1-0: Foul Ball, location: 2F 1-1: Swinging Strike 1-2: SINGLE (Groundball, 56D)
|
Batting: LHB Eduardo Rodríguez
|
0-0: Ball 1-0: Called Strike 1-1: Foul Ball, location: 2F 1-2: Strikes out swinging
|
Bottom of the 4th over - 0 run(s), 1 hit(s), 0 error(s), 1 left on base; Plymouth 4 - New Orleans 2 |
TOP OF THE 5TH |
Plymouth Rocks batting - Pitching for New Orleans Looters : RHP Anthony O'Connor
|
Batting: LHB Barrett Waters
|
0-0: Called Strike 0-1: Ball 1-1: Ground out 4-3 (Groundball, 4)
|
Batting: LHB Bob Smith
|
0-0: Ball 1-0: Swinging Strike 1-1: Ball 2-1: Foul Ball, location: 2F 2-2: Foul Ball, location: 2F 2-2: Strikes out swinging
|
Batting: SHB Víctor Serrano
|
0-0: Foul Ball, location: 2F 0-1: Ball 1-1: Ball 2-1: Ball 3-1: Base on Balls
|
Batting: RHB Taylor McFarland
|
0-0: Called Strike 0-1: Fly out, F5 (Line Drive, 5S)
|
Top of the 5th over - 0 run(s), 0 hit(s), 0 error(s), 1 left on base; Plymouth 4 - New Orleans 2 |
BOTTOM OF THE 5TH |
New Orleans Looters batting - Pitching for Plymouth Rocks : RHP José López
|
Batting: LHB Taylor Smith
|
0-0: Called Strike 0-1: Called Strike 0-2: Ball 1-2: Strikes out swinging
|
Batting: RHB Run-ming Zhu
|
0-0: Called Strike 0-1: Fly out, F7 (Flyball, 78M)
|
Batting: LHB Miguel Colón
|
0-0: Called Strike 0-1: SINGLE (Groundball, 4MD)
|
Batting: SHB Arturo Sánchez
|
0-0: Called Strike 0-1: Ball 1-1: Called Strike 1-2: Ball 2-2: Foul Ball, location: 2F 2-2: Ball 3-2: Foul Ball, location: 2F 3-2: Fly out, F7 (Flyball, 7LM)
|
Bottom of the 5th over - 0 run(s), 1 hit(s), 0 error(s), 1 left on base; Plymouth 4 - New Orleans 2 |
TOP OF THE 6TH |
Plymouth Rocks batting - Pitching for New Orleans Looters : RHP Anthony O'Connor
|
Pitching: RHP Robbie Daniel
|
|
Batting: RHB Wilbert Rodgers
|
0-0: Called Strike 0-1: Foul Ball, location: 2F 0-2: Strikes out swinging
|
Batting: RHB António Gonzáles
|
0-0: Ball 1-0: Foul Ball, location: 2F 1-1: Ball 2-1: Fly out, F6 (Popup, 6D)
|
Batting: LHB Roberto García
|
0-0: Swinging Strike 0-1: Ball 1-1: Foul Ball, location: 2F 1-2: Ball 2-2: Ground out 4-3 (Groundball, 34D)
|
Top of the 6th over - 0 run(s), 0 hit(s), 0 error(s), 0 left on base; Plymouth 4 - New Orleans 2 |
BOTTOM OF THE 6TH |
New Orleans Looters batting - Pitching for Plymouth Rocks : RHP José López
|
Batting: RHB Rubén Vázquez
|
0-0: Ball 1-0: Swinging Strike 1-1: Called Strike 1-2: Strikes out looking
|
Batting: SHB Oliver Deleón
|
0-0: Fly out, F8 (Line Drive, 8LS)
|
Batting: RHB Stephen Shaw
|
0-0: Called Strike 0-1: Ball 1-1: Ball 2-1: Called Strike 2-2: Ground out 6-3 (Groundball, 6)
|
Bottom of the 6th over - 0 run(s), 0 hit(s), 0 error(s), 0 left on base; Plymouth 4 - New Orleans 2 |
TOP OF THE 7TH |
Plymouth Rocks batting - Pitching for New Orleans Looters : RHP Robbie Daniel
|
Batting: LHB Roy Patrick
|
0-0: Ball 1-0: Ball 2-0: Ball 3-0: Base on Balls
|
Batting: RHB Andrés Lara
|
0-0: Ball 1-0: Ball 2-0: TRIPLE (Flyball, 89D) Roy Patrick scores
|
Batting: LHB Barrett Waters
|
0-0: Intentional Walk
|
Batting: LHB Bob Smith
|
0-0: Ball 1-0: Foul Ball, location: 2F 1-1: Swinging Strike 1-2: Ball 2-2: SINGLE (Line Drive, 89S) Andrés Lara scores Barrett Waters to second
|
Pitching: RHP Roy March
|
|
Batting: SHB Víctor Serrano
|
0-0: Ball 1-0: Called Strike 1-1: Swinging Strike 1-2: Ball 2-2: Ball 3-2: Foul Ball, location: 2F 3-2: Base on Balls Barrett Waters to third Bob Smith to second
|
Batting: RHB Taylor McFarland
|
0-0: Ball 1-0: SINGLE (Groundball, 34D) Barrett Waters scores Bob Smith to third Víctor Serrano to second
|
Batting: RHB Wilbert Rodgers
|
0-0: SINGLE (Line Drive, 5D) Bob Smith scores Víctor Serrano to third Taylor McFarland to second
|
Batting: RHB António Gonzáles
|
0-0: Ball 1-0: Called Strike 1-1: Ball 2-1: Ball 3-1: Foul Ball, location: 2F 3-2: Strikes out looking
|
Batting: LHB Roberto García
|
0-0: Ball 1-0: Ball 2-0: Foul Ball, location: 2F 2-1: Fly out, F6 (Popup, 56)
|
Batting: LHB Roy Patrick
|
0-0: Swinging Strike 0-1: Foul Ball, location: 2F 0-2: Strikes out swinging
|
Top of the 7th over - 4 run(s), 4 hit(s), 0 error(s), 3 left on base; Plymouth 8 - New Orleans 2 |
BOTTOM OF THE 7TH |
New Orleans Looters batting - Pitching for Plymouth Rocks : RHP José López
|
Batting: RHB Dave O'Loan
|
0-0: Called Strike 0-1: Ball 1-1: SOLO HOME RUN (Flyball, 7D), Distance : 367 ft
|
Batting: LHB Eduardo Rodríguez
|
0-0: Fly out, F2 (Popup, 3S)
|
Batting: LHB Taylor Smith
|
0-0: Ball 1-0: Ball 2-0: Ball 3-0: Called Strike 3-1: Fly out, F9 (Flyball, 9S)
|
Batting: RHB Run-ming Zhu
|
0-0: Fly out, F3 (Popup, 3L)
|
Bottom of the 7th over - 1 run(s), 1 hit(s), 0 error(s), 0 left on base; Plymouth 8 - New Orleans 3 |
TOP OF THE 8TH |
Plymouth Rocks batting - Pitching for New Orleans Looters : RHP Roy March
|
Batting: RHB Andrés Lara
|
0-0: Ball 1-0: Ball 2-0: SINGLE (Groundball, 34S) (infield hit)
|
Batting: LHB Barrett Waters
|
0-0: Called Strike 0-1: Ball 1-1: Ball 2-1: Ball 3-1: Foul Ball, location: 2F 3-2: Foul Ball, location: 2F 3-2: Foul Ball, location: 2F 3-2: Grounds into double play, 6-4-3 (Groundball, 6)
|
Batting: LHB Bob Smith
|
0-0: Called Strike 0-1: Foul Ball, location: 2F 0-2: Strikes out swinging
|
Top of the 8th over - 0 run(s), 1 hit(s), 0 error(s), 0 left on base; Plymouth 8 - New Orleans 3 |
BOTTOM OF THE 8TH |
New Orleans Looters batting - Pitching for Plymouth Rocks : RHP José López
|
Now at 1B: Luis Sánchez
|
|
Batting: LHB Miguel Colón
|
0-0: Ball 1-0: Foul Ball, location: 2F 1-1: Foul Ball, location: 2F 1-2: DOUBLE (Line Drive, 9LM) - OUT at third base trying to stretch hit.
|
Batting: SHB Arturo Sánchez
|
0-0: Called Strike 0-1: Swinging Strike 0-2: Ball 1-2: Ball 2-2: Strikes out swinging
|
Batting: RHB Rubén Vázquez
|
0-0: Ball 1-0: Ground out 5-3 (Groundball, 56S)
|
Bottom of the 8th over - 0 run(s), 1 hit(s), 0 error(s), 0 left on base; Plymouth 8 - New Orleans 3 |
TOP OF THE 9TH |
Plymouth Rocks batting - Pitching for New Orleans Looters : RHP Roy March
|
Batting: SHB Víctor Serrano
|
0-0: Called Strike 0-1: Swinging Strike 0-2: Foul Ball, location: 2F 0-2: Strikes out looking
|
Batting: RHB Taylor McFarland
|
0-0: Fly out, F8 (Flyball, 8RS)
|
Batting: RHB Wilbert Rodgers
|
0-0: Called Strike 0-1: Called Strike 0-2: Ball 1-2: Ball 2-2: Strikes out swinging
|
Top of the 9th over - 0 run(s), 0 hit(s), 0 error(s), 0 left on base; Plymouth 8 - New Orleans 3 |
BOTTOM OF THE 9TH |
New Orleans Looters batting - Pitching for Plymouth Rocks : RHP José López
|
Batting: SHB Oliver Deleón
|
0-0: Fly out, F5 (Popup, 56)
|
Batting: RHB Stephen Shaw
|
0-0: Ball 1-0: Foul Ball, location: 2F 1-1: Fly out, F8 (Flyball, 8LM)
|
Batting: RHB Dave O'Loan
|
0-0: SINGLE (Groundball, 6D)
|
Batting: LHB Eduardo Rodríguez
|
0-0: Called Strike 0-1: Swinging Strike 0-2: Strikes out swinging
|
Bottom of the 9th over - 0 run(s), 1 hit(s), 0 error(s), 1 left on base; Plymouth 8 - New Orleans 3 |
|